 Dungeon Crawl Stone Soup version 0.22-a0-292-g0df9d5f (webtiles) character file.

275 nono the Slasher (level 6, -2/46 HPs)
             Began as a Vampire Fighter on Mar 23, 2018.
             Was a Follower of Ashenzari.
             Slain by an ogre
             ... wielding a +0 giant club
              (19 damage)
             ... on level 5 of the Dungeon.
             The game lasted 00:07:31 (1699 turns).

nono the Slasher (Vampire Fighter)                  Turns: 1699, Time: 00:07:32

Health: -2/46      AC: 11    Str: 17    XL:     6   Next: 3%
Magic:  6/6        EV:  3    Int: 11    God:    Ashenzari [*.....]
Gold:   185        SH:  9    Dex: 13    Spells: 5/5 levels left

rFire    . . .     SeeInvis +   k - +0 dagger (venom)
rCold    . . .     Gourm    .   c - +0 shield
rNeg     . . .     Faith    .   q - +0 plate armour
rPois    .         Spirit   .   (no helmet)
rElec    .         Reflect  .   (no cloak)
rCorr    .         Harm     .   (no gloves)
MR       .....                  (no boots)
Stlth    ..........             (no amulet)
HPRegen  0.35/turn              (no ring)
MPRegen  0.10/turn              (no ring)

@: regenerating quickly
A: fangs 3, see invisible, unbreathing
a: Curse Item, Scrying, Renounce Religion


You were on level 5 of the Dungeon.
You worshipped Ashenzari.
Ashenzari was aware of your devotion.
You were full.

You visited 1 branch of the dungeon, and saw 5 of its levels.

You collected 185 gold pieces.

Inventory:

Hand Weapons
 a - a +0 long sword
 k - a +0 dagger of venom (weapon)
Armour
 b - a +0 scale mail
 c - a +0 shield (worn)
 q - a +0 plate armour (worn)
 r - a +2 chain mail of cold resistance
Scrolls
 d - a scroll of blinking {unknown}
 j - a scroll of fear {unknown}
 l - a scroll of teleportation {unknown}
 m - a scroll of random uselessness {unknown}
 o - a scroll of amnesia {unknown}
 p - 3 scrolls of identify {unknown}
Potions
 e - 2 potions of blood
 f - 2 potions of mutation {unknown}
 g - 2 potions of haste {unknown}
 h - 2 potions of curing {unknown}
 i - a potion of brilliance {unknown}
 n - a potion of lignification {unknown}


   Skills:
 - Level 2.6 Fighting
 + Level 4.0 Long Blades
 + Level 3.6 Armour
 - Level 1.4 Dodging
 + Level 4.0 Shields


You had 5 spell levels left.
You didn't know any spells.

Dungeon Overview and Level Annotations

Branches:
Dungeon (5/15)
 Temple: D:4-7

Altars:
Ashenzari
Elyvilon
Kikubaaqudgha
Trog
Vehumet
Zin
The Shining One

Annotations:
D:3 Gorglomux's ghost, amateur NaFi


Innate Abilities, Weirdness & Mutations

Your natural rate of healing is unusually fast.
You have razor-sharp teeth.
You have supernaturally acute eyesight. (SInv)
You can survive without breathing.


Message History

You don't know any spells.
You can't go down here!
Press: ? - help, v - describe, . - travel The floor.
Unknown command.
There is a stone staircase leading down here.
You climb downwards.
The ogre barely misses you.
There is a stone staircase leading up here.
Your plate armour prevents you from hitting the ogre.
The ogre hits you with a giant club!
You hit the ogre.
The ogre is poisoned.
The ogre is lightly wounded.
You hit the ogre but do no damage.
The ogre looks as sick as possible!
You bite the ogre.
The ogre is moderately wounded.
The ogre hits you with a giant club!!
You barely miss the ogre. You bite the ogre, but do no damage.
The ogre is moderately wounded.
The ogre hits you with a giant club!!
You die...

. .. .. .
.. >..#.
......#####
........O@#
.......####
...#... .
.....
.......
....O..
.......
.......


You could see an ogre.

Vanquished Creatures
  A hound (D:4)
  2 orc priests (D:4)
  An iguana (D:4)
  2 orc wizards (D:4)
  A worker ant (D:4)
  An adder (D:4)
  2 worms (D:3)
  3 dart slugs (D:3)
  A leopard gecko (D:2)
  8 orcs
  A ball python (D:2)
  3 giant cockroaches
  5 goblins
  7 hobgoblins
  2 jackals (D:1)
  5 kobolds
  A quokka (D:3)
  4 bats
  3 frilled lizards (D:3)
  8 rats
61 creatures vanquished.

Notes
Turn   | Place    | Note
-------+----------+-------------------------------------------
     0 | D:1      | nono the Vampire Fighter began the quest for the Orb.
     0 | D:1      | Reached XP level 1. HP: 17/17 MP: 1/1
   163 | D:1      | Reached skill level 1 in Dodging
   170 | D:1      | Found a glowing golden altar of the Shining One.
   230 | D:2      | Reached XP level 2. HP: 18/23 MP: 2/2
   271 | D:2      | Found a bloodstained altar of Trog.
   271 | D:2      | Found a shattered altar of Ashenzari.
   278 | D:2      | Became a worshipper of Ashenzari the Shackled
   334 | D:2      | Found a shattered altar of Ashenzari.
   659 | D:2      | Found a radiant altar of Vehumet.
   694 | D:3      | Reached XP level 3. HP: 28/28 MP: 3/3
  1003 | D:3      | Noticed Gorglomux's ghost (amateur NaFi)
  1013 | D:4      | Reached XP level 4. HP: 23/34 MP: 4/4
  1079 | D:4      | Found a white marble altar of Elyvilon.
  1124 | D:4      | Reached XP level 5. HP: 24/39 MP: 5/5
  1165 | D:4      | Reached * piety under Ashenzari
  1184 | D:4      | Found a glowing silver altar of Zin.
  1312 | D:4      | Reached XP level 6. HP: 43/46 MP: 6/6
  1589 | D:5      | Entered Level 5 of the Dungeon
  1644 | D:3      | Found an ancient bone altar of Kikubaaqudgha.
  1699 | D:5      | Slain by an ogre

Vault maps used:
D:1:      minmay_arrival_four_loops, kennysheep_another_room, tso_metal_star
D:2:      fiery_altar_vehumet, gammafunk_temple_overflow_pools,
          evilmike_ruin_ashenzari
D:3:      nicolae_overflow_hidden_temple, first_ration, st_stairs_1
D:4:      zin_academy, elyvilon_altar_3
D:5:      overflow_temple_1_default, serial_curves, eino_curves_02,
          eino_curves_03, minmay_divided_ellipse

Skill      XL: |  1  2  3  4  5  6 |
---------------+-------------------+-----
Dodging        | 1 |  1.4
Shields        | 3 4 |  4.0
Long Blades    | 3 4 |  4.0
Armour         | 3 |  3.6
Fighting       | |  2.6

Action                   |  1- 3 |  4- 6 || total
-------------------------+-------+-------++-------
Melee: Long sword        |    50 |       ||    50
       Dagger            |    99 |    47 ||   146
       Bite              |    15 |     6 ||    21
  Use: Potion            |       |     5 ||     5
  Eat: Corpse            |     2 |     2 ||     4
Armor: Scale mail        |    72 |     8 ||    80
       Plate armour      |       |     7 ||     7
Dodge: Dodged            |    40 |     9 ||    49
Block: Shield            |    49 |    13 ||    62
       Rpst.: Long sword |     6 |       ||     6

Table legend:
 A = Spawn XP
 B = Non-spawn XP
 C = Spawn XP percentage of total XP
 D = Spawn monster count
 E = Non-spawn monster count
 F = Spawn count percentage of total count
 G = Total turns spent on level
                    A         B        C        D         E        F      G
               +---------+---------+-------+---------+---------+-------+---------
         Total |       0 |     394 |   0.0 |       0 |      61 |   0.0 |  1699
               +---------+---------+-------+---------+---------+-------+---------
           D:1 |       0 |      22 |   0.0 |       0 |      13 |   0.0 |   367
           D:2 |       0 |      18 |   0.0 |       0 |      11 |   0.0 |   309
           D:3 |       0 |      48 |   0.0 |       0 |      22 |   0.0 |   349
           D:4 |       0 |     306 |   0.0 |       0 |      15 |   0.0 |   664
               +---------+---------+-------+---------+---------+-------+---------
